 Dungeon Crawl Stone Soup version 0.22-a0-135-g6f012ad (webtiles) character file.

84469 kuniqs the Unforgettable (level 15, -7/103 HPs)
             Began as a Gnoll Summoner on Feb 1, 2018.
             Was the Champion of Hepliaklqana.
             Killed from afar by Frances (14 damage)
             ... with an iron shot
             ... on level 15 of the Dungeon.
             The game lasted 01:05:08 (23416 turns).

kuniqs the Unforgettable (Gnoll Summoner)          Turns: 23416, Time: 01:05:08

Health: -7/103     AC: 24    Str: 24 (25) XL:     15   Next: 80%
Magic:  30/30      EV: 17    Int: 22      God:    Hepliaklqana [******]
Gold:   1077       SH:  0    Dex: 15 (16) Spells: 19/36 levels left

rFire    + + .     SeeInvis .   V - +7 lajatang of Ikhayrch {slice, *Noise rPois rF++}
rCold    . . .     Gourm    .   (shield currently unavailable)
rNeg     . . .     Faith    .   U - +5 scale mail of Gravitas {Str+6}
rPois    +         Spirit   .   I - +0 helmet
rElec    .         Reflect  .   Q - +2 cloak
rCorr    +         Harm     .   Y - +2 pair of gloves {Str+3}
MR       +....                  p - +1 pair of boots "Ymoin" {*Slow Regen+ rCorr Str+4}
Stlth    +++.......             J - amulet "Fuseos" {Fragile +Rage +Inv Slay+5}
HPRegen  0.67/turn              L - ring of wizardry
MPRegen  0.22/turn              x - ring of wizardry

@: studying 2 skills, drained
A: distributed training, reduced essence, fangs 1, deterioration 1, strong nose
a: Recall Ancestor, Ancestor Identity, Transference, Idealise, Renounce
Religion, Evoke Berserk Rage, Evoke Invisibility


You were on level 15 of the Dungeon.
You worshipped Hepliaklqana.
Hepliaklqana was exalted by your worship.
You were not hungry.

You visited 4 branches of the dungeon, and saw 24 of its levels.
You also visited: Labyrinth and Ice Cave.

You collected 2945 gold pieces.
You spent 1868 gold pieces at shops.

Inventory:

Hand Weapons
 v - the +10 long sword "Hukamuats" {chaos, rN+ MR+ Dex+3}
   (You bought it in a shop on level 2 of the Orcish Mines)

   Each time it hits an enemy it has a different, random effect.
   It affects your dexterity (+3).
   It protects you from negative energy.
   It affects your resistance to hostile enchantments.
 V - the +7 lajatang of Ikhayrch (weapon) {slice, *Noise rPois rF++}
   (You found it on level 6 of the Lair of Beasts)

   It inflicts extra damage upon your enemies.
   It greatly protects you from fire.
   It protects you from poison.
   It may make noises in combat.
Armour
 p - the +1 pair of boots "Ymoin" (worn) {*Slow Regen+ rCorr Str+4}
   (You bought it in a shop on level 2 of the Orcish Mines)

   It affects your strength (+4).
   It increases your rate of regeneration.
   It protects you from acid and corrosion.
   It may slow you when you take damage.
 I - a +0 helmet (worn)
 Q - a +2 cloak (worn)
 T - the +1 scale mail "Usuzamei" {rC+ Str+4}
   (You found it on level 6 of the Lair of Beasts)

   It affects your strength (+4).
   It protects you from cold.
 U - the +5 scale mail of Gravitas (worn) {Str+6}
   (You found it on level 6 of the Lair of Beasts)

   It affects your strength (+6).
 Y - a +2 pair of gloves of strength (worn)
Magical Staves
 a - an uncursed staff of wizardry
Jewellery
 x - a ring of wizardry (right hand)
 J - the amulet "Fuseos" (around neck) {Fragile +Rage +Inv Slay+5}
   (You bought it in a shop on level 2 of the Orcish Mines)

   [amulet of rage]

   It affects your accuracy and damage with ranged weapons and melee attacks
   (+5).
   It lets you turn invisible.
   It lets you go berserk.
   It will be destroyed if unequipped.
 L - a ring of wizardry (left hand)
 O - an uncursed ring of poison resistance
Wands
 G - a wand of acid (14)
 H - a wand of flame (10)
 K - a wand of iceblast (16)
 M - a wand of paralysis (18)
 X - a wand of clouds (3)
 Z - a wand of enslavement (13)
Scrolls
 b - 3 scrolls of amnesia
 e - 5 scrolls of blinking
 k - 14 scrolls of teleportation
 o - 4 scrolls of immolation
 s - 4 scrolls of fear
 t - 4 scrolls of remove curse {@r2}
 u - 3 scrolls of magic mapping
 w - 3 scrolls of identify {@r1}
 y - 2 scrolls of fog
 B - a scroll of torment
 D - 2 scrolls of enchant armour
Potions
 d - 7 potions of curing {@q1}
 g - 6 potions of haste
 i - 3 potions of magic
 j - 4 potions of brilliance
 l - 2 potions of might
 n - 2 potions of agility
 q - a potion of cancellation
 r - 7 potions of lignification
 z - a potion of flight
 A - a potion of invisibility
 C - 2 potions of resistance
 E - a potion of mutation
 F - a potion of berserk rage
 W - 2 potions of ambrosia
Books
 P - a manual of Charms
 S - a manual of Invocations
Miscellaneous
 h - a lamp of fire
 N - a fan of gales
 R - a lightning rod (4/4)
Comestibles
 c - 35 rations


   Skills:
 + Level 10.1(9.7) Fighting
 + Level 10.1(9.7) Short Blades
 + Level 10.1(9.7) Long Blades
 + Level 10.1(9.7) Axes
 + Level 10.1(9.7) Maces & Flails
 + Level 10.1(9.7) Polearms
 + Level 10.1(9.7) Staves
 + Level 10.1(9.7) Slings
 + Level 10.1(9.7) Bows
 + Level 10.1(9.7) Crossbows
 + Level 10.1(9.7) Throwing
 + Level 10.1(9.7) Armour
 + Level 11.1(10.6) Dodging
 + Level 10.9(10.5) Stealth
 + Level 10.1(9.7) Shields
 + Level 10.1(9.7) Unarmed Combat
 + Level 11.2(10.8) Spellcasting
 + Level 8.5(8.1) Conjurations
 + Level 8.5(8.1) Hexes
 + Level 9.2(8.8) Charms
 + Level 11.0(10.5) Summonings
 + Level 8.5(8.1) Necromancy
 + Level 8.5(8.1) Translocations
 + Level 8.5(8.1) Transmutations
 + Level 8.5(8.1) Fire Magic
 + Level 8.5(8.1) Ice Magic
 + Level 8.5(8.1) Air Magic
 + Level 8.5(8.1) Earth Magic
 + Level 8.5(8.1) Poison Magic
 + Level 11.5(11.1) Invocations
 + Level 10.1(9.7) Evocations


You had 19 spell levels left.
You knew the following spells:

 Your Spells              Type           Power        Failure   Level  Hunger
a - Passage of Golubria   Tloc           N/A          1%          4    #......
b - Call Imp              Summ           ######..     1%          2    None
c - Call Canine Familiar  Summ           ######..     1%          3    None
d - Summon Ice Beast      Ice/Summ       ######..     1%          4    #......
e - Summon Lightning Spi  Summ/Air       ######..     1%          4    #......


Dungeon Overview and Level Annotations

Branches:
Dungeon (15/15)            Temple (1/1) D:5            Lair (6/6) D:11
 Shoals (0/4) Lair:4       Spider (0/4) Lair:4        Slime (0/5) Lair:5
    Orc (2/2) D:9             Elf (0/3) Orc:2        Vaults (0/5) D:14
 Depths: D:15

Altars:
Dithmenos
Elyvilon
Gozag
Hepliaklqana
Kikubaaqudgha
Makhleb
Okawaru
Qazlal
Trog
Uskayaw
Vehumet
Wu Jian
Xom
Yredelemnul
The Shining One
Jiyva

Shops:
D:9 !   D:10 %   Orc:2 =(*[

Portals:
Trove: D:13 (give 19 potions of curing)

Annotations:
D:13 1 exclusion
D:15 Frances


Innate Abilities, Weirdness & Mutations

Your experience applies equally to all skills.
You have very sharp teeth.
Your uncanny sense of smell can sniff out nearby items.
Your life essence is reduced to manifest your ancestor. (-10% HP)
Your body sometimes deteriorates upon taking damage.


Message History

Djefatnebti hits Frances with a quarterstaff!
You feel much better.
Frances screams a word of power!
Djefatnebti barely misses Frances.
Frances hits you with a trident of piercing!!
* * * LOW HITPOINT WARNING * * *
Your body deteriorates!
You feel weakened.
* * * LOW HITPOINT WARNING * * *
You feel much better. Frances hits you but does no damage.
Djefatnebti hits Frances with a quarterstaff!
The smoke demon misses Djefatnebti.
The smoke demon hits Djefatnebti. x2
You slice Frances!!
Frances screams a word of power!
The shard of ice hits you!
* * * LOW HITPOINT WARNING * * *
Djefatnebti hits Frances with a quarterstaff.
You hit Frances but do no damage. You bite Frances.
Frances screams a word of power!
The iron shot hits you!
You die...

#####################
######....................
#...........#########.####
#.#########..# #.#
#.....[3R@##.## #.#
#..######@##..# #.# .....#
#F###[# #.# #####.# 44#
#.## #.# #.# ### #..# #.#
#.# ##.## #.# ..# #..# #.#
###### ##.#####.####
#...<# #...........


You could see the friendly Djefatnebti the battlemage, Frances, an orange demon,
a rust devil, a smoke demon and a bullfrog.

Vanquished Creatures
  A great orb of eyes (D:13)
  The ghost of ThereIsNoGod the Grappler, a journeyman TrMo of Cheibriados (D:11)
  2 vault guards (D:14)
  A hydra (Lair:4)
  3 centaur warriors
  A two-headed ogre (shapeshifter) (D:11)
  3 two-headed ogres
  5 skeletal warriors (D:12)
  A wizard (D:14)
  An unseen horror (D:15)
  A sea snake (Lair:6)
  5 orc knights
  A deep elf mage (D:13)
  6 ugly things
  An oklob plant (Lair:3)
  A centaur zombie (D:13)
  2 manticores
  An elephant (Lair:3)
  3 black mambas
  A gargoyle (D:11)
  An ice statue (IceCv)
  A molten gargoyle (D:12)
  2 rime drakes
  3 kobold demonologists
  A freezing wraith (D:15)
  5 spiny frogs
  A tengu conjurer (D:15)
  An efreet (D:15)
  7 komodo dragons
  A yaktaur (D:15)
  4 polar bears
  8 trolls
  A merfolk (Lair:4)
  A wind drake (Lair:6)
  A polar bear (shapeshifter) (D:13)
  9 blink frogs
  2 dream sheep (Lair:6)
  A hippogriff (D:8)
  2 centaur simulacra (D:15)
  2 wraiths
  A shadow (D:14)
  A spriggan (shapeshifter) (D:15)
  A vampire (D:13)
  11 yaks
  4 wyverns
  11 humans (D:14)
  3 vampire mosquitoes
  A basilisk (Lair:6)
  A hungry ghost (D:12)
  A steam dragon (D:11)
  4 wargs
  3 water moccasins
  An acid dragon (D:14)
  2 porcupines (Lair:5)
  4 sky beasts
  6 ice beasts
  23 orc warriors
  An eye of draining (D:13)
  A phantom (D:4)
  3 wolves
  7 ogres
  5 crocodiles
  2 centaurs
  7 big kobolds
  11 bullfrogs
  3 scorpions
  A killer bee (D:13)
  4 howler monkeys
  A quasit (D:12)
  12 crimson imps
  12 orc priests
  2 bullfrog zombies (D:13)
  3 jellies
  3 hounds
  2 centaur skeletons
  3 iguanas
  11 orc wizards
  3 worker ants
  A hound zombie (D:6)
  A hound skeleton (D:11)
  A worker ant zombie (D:9)
  6 adders
  3 gnolls
  2 howler monkey skeletons
  5 shadow imps
  An ooze (D:1)
  An adder skeleton (D:6)
  An adder zombie (D:5)
  A dart slug (D:1)
  3 leopard geckos
  62 orcs
  A ball python (D:5)
  5 giant cockroaches
  6 goblins
  4 hobgoblins
  21 jackals
  7 quokkas
  7 bats
  4 frilled lizards
  9 kobolds
  A quokka skeleton (D:4)
  7 rats
  A plant (Lair:3)
431 creatures vanquished.

Vanquished Creatures (collateral kills)
  Rupert (Lair:4)
  An orc warlord (Orc:2)
  A dire elephant (Lair:6)
  A minotaur (Lab)
  7 hydras
  A vault guard (D:14)
  3 two-headed ogres
  A merfolk avatar (Lair:6)
  6 orc high priests
  An unseen horror (D:11)
  A wizard (D:14)
  An orc knight (Orc:2)
  A necromancer (D:14)
  3 harpies
  2 oklob plants (Lair:3)
  3 orc sorcerers (Orc:2)
  7 ugly things
  A cyclops (D:13)
  7 elephants
  An ice statue (IceCv)
  4 black mambas
  A centaur zombie (D:11)
  A torpor snail (Lair:6)
  2 spiny frogs
  A kobold demonologist (D:13)
  4 komodo dragons
  4 rime drakes
  A meliai (D:13)
  A polar bear (Lair:6)
  2 hornets
  A wind drake (Lair:6)
  2 trolls
  8 blink frogs
  4 dream sheep (Lair:6)
  A hippogriff (Lair:6)
  Prince Ribbit (D:8)
  A centaur simulacrum (D:14)
  A spriggan (Lair:6)
  A wyvern (Lair:6)
  8 humans (D:14)
  25 yaks
  A basilisk (Lair:2)
  5 wargs
  A vampire mosquito (D:12)
  A soldier ant (D:13)
  2 hell hounds (D:11)
  8 water moccasins
  A hornet zombie (D:11)
  5 porcupines
  21 orc warriors
  5 ice beasts
  A sky beast (D:6)
  A centaur (D:8)
  10 ogres
  4 wolves
  6 crocodiles
  3 big kobolds
  4 bullfrogs
  A gnoll sergeant (D:9)
  A wyvern skeleton (D:10)
  A scorpion (D:11)
  15 killer bees
  3 howler monkeys (D:11)
  A lava snake (D:12)
  6 hounds
  A bullfrog skeleton (D:9)
  23 orc wizards
  15 orc priests
  A centaur skeleton (D:12)
  4 iguanas
  Natasha (D:4)
  2 worker ants
  Terence (D:2)
  A killer bee zombie (D:8)
  A hound skeleton (D:4)
  A howler monkey zombie (D:5)
  3 adders
  2 gnolls
  3 shadow imps
  2 adder skeletons
  A worm (D:3)
  2 dart slugs
  A leopard gecko (D:6)
  39 orcs
  3 bats
  A hobgoblin (D:1)
  8 jackals
  2 kobolds
  A ball python (D:1)
  A goblin (D:1)
  A quokka skeleton (D:5)
  2 rats
  A plant (Lair:6)
355 creatures vanquished.

Vanquished Creatures (others)
  22 battlemagi
  2 ancestors
  A fungus (Lair:6)
  3 plants
28 creatures vanquished.

Grand Total: 814 creatures vanquished

Notes
Turn   | Place    | Note
-------+----------+-------------------------------------------
     0 | D:1      | kuniqs the Gnoll Summoner began the quest for the Orb.
     0 | D:1      | Reached XP level 1. HP: 13/13 MP: 6/6
   112 | D:1      | Found a glowing golden altar of the Shining One.
   140 | D:1      | Reached XP level 2. HP: 18/19 MP: 4/7
   149 | D:1      | Learned a level 2 spell: Call Imp
   258 | D:1      | Reached skill level 5 in Spellcasting
   258 | D:1      | Reached XP level 3. HP: 24/25 MP: 7/9
   263 | D:1      | Learned a level 3 spell: Call Canine Familiar
   527 | D:1      | Reached skill level 1 in Invocations
  1203 | D:2      | Reached skill level 1 in Fighting
  1203 | D:2      | Reached skill level 1 in Short Blades
  1203 | D:2      | Reached skill level 1 in Long Blades
  1203 | D:2      | Reached skill level 1 in Axes
  1203 | D:2      | Reached skill level 1 in Maces & Flails
  1203 | D:2      | Reached skill level 1 in Polearms
  1203 | D:2      | Reached skill level 1 in Staves
  1203 | D:2      | Reached skill level 1 in Slings
  1203 | D:2      | Reached skill level 1 in Bows
  1203 | D:2      | Reached skill level 1 in Crossbows
  1203 | D:2      | Reached skill level 1 in Throwing
  1203 | D:2      | Reached skill level 1 in Armour
  1203 | D:2      | Reached skill level 1 in Shields
  1203 | D:2      | Reached skill level 1 in Unarmed Combat
  1203 | D:2      | Reached skill level 1 in Evocations
  1245 | D:2      | Noticed Terence
  1263 | D:2      | Killed Terence
  1263 | D:2      | Reached XP level 4. HP: 28/32 MP: 1/11
  1318 | D:2      | Learned a level 4 spell: Summon Ice Beast
  1958 | D:3      | Noticed an ogre
  1976 | D:3      | Killed an ogre
  1976 | D:3      | Reached skill level 1 in Conjurations
  1976 | D:3      | Reached skill level 1 in Hexes
  1976 | D:3      | Reached skill level 1 in Charms
  1976 | D:3      | Reached skill level 1 in Necromancy
  1976 | D:3      | Reached skill level 1 in Translocations
  1976 | D:3      | Reached skill level 1 in Transmutations
  1976 | D:3      | Reached skill level 1 in Fire Magic
  1976 | D:3      | Reached skill level 1 in Ice Magic
  1976 | D:3      | Reached skill level 1 in Air Magic
  1976 | D:3      | Reached skill level 1 in Earth Magic
  1976 | D:3      | Reached skill level 1 in Poison Magic
  1976 | D:3      | Reached XP level 5. HP: 36/37 MP: 3/12
  2841 | D:4      | Reached XP level 6. HP: 44/44 MP: 13/13
  2938 | D:4      | Reached skill level 5 in Dodging
  3035 | D:4      | Noticed a phantom
  3054 | D:4      | Killed a phantom
  3054 | D:4      | Reached XP level 7. HP: 42/50 MP: 15/15
  3144 | D:4      | Got a jewelled hand axe
  3145 | D:4      | Identified the +7 hand axe "Omow" {chop, rC+ rN++ Int-4 Dex+2} (You found it on level 4 of the Dungeon)
  3443 | D:4      | Noticed Natasha
  3452 | D:4      | Killed Natasha
  4072 | D:4      | Reached skill level 5 in Stealth
  4180 | D:5      | Entered Level 5 of the Dungeon
  4247 | D:5      | Learned a level 4 spell: Summon Lightning Spire
  4357 | D:5      | Found a staircase to the Ecumenical Temple.
  4367 | Temple   | Entered the Ecumenical Temple
  4388 | Temple   | Became a worshipper of Hepliaklqana the Forgotten
  4555 | D:5      | Found an ancient bone altar of Kikubaaqudgha.
  4811 | D:6      | Reached XP level 8. HP: 51/51 MP: 16/16
  5312 | D:6      | Reached * piety under Hepliaklqana
  5850 | D:7      | Reached XP level 9. HP: 17/58 MP: 9/18
  6661 | D:7      | Reached ** piety under Hepliaklqana
  6662 | D:7      | Remembered your ancestor Djefatnebti as a battlemage
  6803 | D:8      | Found a shadowy altar of Dithmenos.
  6862 | D:8      | Noticed a two-headed ogre
  6871 | D:8      | Killed a two-headed ogre
  7038 | D:8      | Reached skill level 5 in Invocations
  7085 | D:8      | Noticed Prince Ribbit
  7289 | D:8      | Reached XP level 10. HP: 59/65 MP: 16/20
  7437 | D:8      | Killed Prince Ribbit
  7875 | D:9      | Noticed a two-headed ogre
  7895 | D:9      | Killed a two-headed ogre
  7895 | D:9      | Reached skill level 5 in Fighting
  7895 | D:9      | Reached skill level 5 in Short Blades
  7895 | D:9      | Reached skill level 5 in Long Blades
  7895 | D:9      | Reached skill level 5 in Axes
  7895 | D:9      | Reached skill level 5 in Maces & Flails
  7895 | D:9      | Reached skill level 5 in Polearms
  7895 | D:9      | Reached skill level 5 in Staves
  7895 | D:9      | Reached skill level 5 in Slings
  7895 | D:9      | Reached skill level 5 in Bows
  7895 | D:9      | Reached skill level 5 in Crossbows
  7895 | D:9      | Reached skill level 5 in Throwing
  7895 | D:9      | Reached skill level 5 in Armour
  7895 | D:9      | Reached skill level 5 in Shields
  7895 | D:9      | Reached skill level 5 in Unarmed Combat
  7895 | D:9      | Reached skill level 5 in Evocations
  8034 | D:9      | Found Pafrapn's Distillery.
  8038 | D:9      | Bought a potion of heal wounds for 65 gold pieces
  8038 | D:9      | Bought a potion of haste for 130 gold pieces
  8478 | D:9      | Found a staircase to the Orcish Mines.
  8569 | D:10     | Entered Level 10 of the Dungeon
  8781 | D:10     | Reached *** piety under Hepliaklqana
  8876 | D:10     | Noticed a two-headed ogre
  8882 | D:10     | Killed a two-headed ogre
  8882 | D:10     | Reached XP level 11. HP: 72/72 MP: 17/22
  9108 | D:10     | Found Bien Guo's Food Emporium.
  9118 | D:10     | Noticed a two-headed ogre
  9125 | D:10     | Killed a two-headed ogre
  9365 | D:11     | Found an opulent altar of Gozag.
  9429 | D:11     | Found a hide-covered altar of Uskayaw.
  9481 | D:11     | Killed an unseen horror
  9584 | D:11     | Reached skill level 5 in Conjurations
  9584 | D:11     | Reached skill level 5 in Hexes
  9584 | D:11     | Reached skill level 5 in Charms
  9584 | D:11     | Reached skill level 5 in Necromancy
  9584 | D:11     | Reached skill level 5 in Translocations
  9584 | D:11     | Reached skill level 5 in Transmutations
  9584 | D:11     | Reached skill level 5 in Fire Magic
  9584 | D:11     | Reached skill level 5 in Ice Magic
  9584 | D:11     | Reached skill level 5 in Air Magic
  9584 | D:11     | Reached skill level 5 in Earth Magic
  9584 | D:11     | Reached skill level 5 in Poison Magic
  9836 | D:11     | Noticed a glowing orange brain
  9836 | D:11     | Noticed a two-headed ogre
  9836 | D:11     | a glowing orange brain changed into a two-headed ogre
  9843 | D:11     | Killed a two-headed ogre
  9843 | D:11     | Noticed ThereIsNoGod's ghost (journeyman TrMo)
  9889 | D:11     | Killed ThereIsNoGod's ghost
  9946 | D:11     | Found a staircase to the Lair.
 10403 | Lair:1   | Entered Level 1 of the Lair of Beasts
 10454 | Lair:1   | Reached **** piety under Hepliaklqana
 11585 | Lair:2   | Reached ***** piety under Hepliaklqana
 11769 | Lair:2   | Reached XP level 12. HP: 51/80 MP: 17/24
 11966 | Lair:3   | Got a crude mace
 11967 | Lair:3   | Identified the +0 mace "Erovom" {freeze, Str+4 Dex+5} (You found it on level 3 of the Lair of Beasts)
 13283 | Lair:4   | Noticed Rupert
 13343 | Lair:4   | Noticed a four-headed hydra
 13360 | Lair:4   | Killed a four-headed hydra
 13509 | Lair:4   | Killed Rupert
 13612 | Lair:4   | Found a hole to the Spider Nest.
 13612 | Lair:4   | Noticed a five-headed hydra
 13621 | Lair:4   | Killed a five-headed hydra
 13633 | Lair:4   | Noticed a seven-headed hydra
 13644 | Lair:4   | Killed a seven-headed hydra
 13792 | Lair:4   | Found a staircase to the Shoals.
 13864 | Lair:4   | Reached XP level 13. HP: 87/88 MP: 26/26
 14273 | Lair:5   | Learned a level 4 spell: Passage of Golubria
 14586 | Lair:5   | Found a staircase to the Slime Pits.
 14586 | Lair:5   | Found a viscous altar of Jiyva.
 14890 | Lair:6   | Entered Level 6 of the Lair of Beasts
 14891 | Lair:6   | Reached ****** piety under Hepliaklqana
 15199 | Lair:6   | Found the +5 scythe "Finisher" {speed, Str+3}
 15207 | Lair:6   | Reached skill level 10 in Summonings
 15331 | Lair:6   | HP: 2/89 [polar bear (6)]
 15703 | Lair:6   | Got a brightly glowing scale mail
 15708 | Lair:6   | Got a transparent scale mail
 15710 | Lair:6   | Got a smoking lajatang
 15719 | Lair:6   | Identified the +7 lajatang of Ikhayrch {slice, *Noise rPois rF++} (You found it on level 6 of the Lair of Beasts)
 15740 | Lair:6   | Identified the cursed +1 scale mail "Usuzamei" {rC+ Str+4} (You found it on level 6 of the Lair of Beasts)
 15751 | Lair:6   | Identified the +5 scale mail of Gravitas {Str+6} (You found it on level 6 of the Lair of Beasts)
 15840 | Lair:6   | Reached skill level 10 in Spellcasting
 15981 | Lair:6   | Noticed a dire elephant
 15990 | Lair:6   | Killed a dire elephant
 15990 | Lair:6   | Reached XP level 14. HP: 52/95 MP: 20/28
 16041 | Lair:6   | Gained mutation: Your body sometimes deteriorates upon taking damage. [potion of mutation]
 16041 | Lair:6   | Gained mutation: You are dopey. (Int -2) [potion of mutation]
 16041 | Lair:6   | Lost mutation: You are dopey. (Int -2) [potion of mutation]
 16523 | Orc:1    | Entered Level 1 of the Orcish Mines
 16901 | Orc:2    | Entered Level 2 of the Orcish Mines
 17361 | Orc:2    | Reached skill level 10 in Dodging
 17932 | Orc:2    | Found a staircase to the Elven Halls.
 18394 | Orc:2    | Noticed an orc warlord
 18433 | Orc:2    | Killed an orc warlord
 18433 | Orc:2    | Reached skill level 10 in Stealth
 18588 | Orc:2    | Paralysed by an orc sorcerer for 5 turns
 19160 | Orc:2    | Reached skill level 10 in Invocations
 19218 | Orc:2    | Found Yrisemm's Antique Armour Shop.
 19224 | Orc:2    | Found Igoac's Antique Weapon Shop.
 19227 | Orc:2    | Found Usifrahu's General Store.
 19227 | Orc:2    | Found Fowuawi's Jewellery Boutique.
 19243 | Orc:2    | Bought the amulet "Fuseos" {Fragile +Rage +Inv Slay+5} for 832 gold pieces
 19272 | Orc:2    | Bought the +1 pair of boots "Ymoin" {*Slow Regen+ rCorr Str+4} for 323 gold pieces
 19296 | Orc:2    | Bought an ancient leather armour for 238 gold pieces
 19296 | Orc:2    | Identified the +2 leather armour of Dishonour {Str+3} (You bought it in a shop on level 2 of the Orcish Mines)
 19299 | Orc:2    | Bought a bone long sword for 280 gold pieces
 19299 | Orc:2    | Identified the +10 long sword "Hukamuats" {chaos, rN+ MR+ Dex+3} (You bought it in a shop on level 2 of the Orcish Mines)
 19976 | D:12     | Found a labyrinth entrance.
 20030 | Lab      | Entered a labyrinth
 20348 | D:12     | Noticed a golden dragon
 20352 | D:12     | a golden dragon changed into an iron troll
 20355 | D:12     | Noticed a sphinx
 20355 | D:12     | an iron troll changed into a sphinx
 20356 | D:12     | Noticed a dire elephant
 20356 | D:12     | a sphinx changed into a dire elephant
 20642 | D:12     | Noticed a shadow dragon
 20647 | D:12     | Noticed a golden dragon
 20690 | D:13     | Found a portal to a secret trove of treasure.
 20790 | D:13     | Reached XP level 15. HP: 102/102 MP: 25/29
 20833 | D:13     | Found a frozen archway.
 20841 | IceCv    | Entered an ice cave
 20860 | IceCv    | Found a transporter.
 21578 | D:13     | Noticed a sphinx
 21580 | D:13     | Noticed a sphinx
 22285 | D:14     | Reached skill level 10 in Fighting
 22285 | D:14     | Reached skill level 10 in Short Blades
 22285 | D:14     | Reached skill level 10 in Long Blades
 22285 | D:14     | Reached skill level 10 in Axes
 22285 | D:14     | Reached skill level 10 in Maces & Flails
 22285 | D:14     | Reached skill level 10 in Polearms
 22285 | D:14     | Reached skill level 10 in Staves
 22285 | D:14     | Reached skill level 10 in Slings
 22285 | D:14     | Reached skill level 10 in Bows
 22285 | D:14     | Reached skill level 10 in Crossbows
 22285 | D:14     | Reached skill level 10 in Throwing
 22285 | D:14     | Reached skill level 10 in Armour
 22285 | D:14     | Reached skill level 10 in Shields
 22285 | D:14     | Reached skill level 10 in Unarmed Combat
 22285 | D:14     | Reached skill level 10 in Evocations
 22402 | D:14     | Found a gate to the Vaults.
 22838 | D:15     | Entered Level 15 of the Dungeon
 23400 | D:15     | Noticed Frances
 23412 | D:15     | HP: 1/103 [Frances/shard of ice (9)]
 23416 | D:15     | Killed from afar by Frances

Vault maps used:
D:1:      minmay_arrival_loop, minivault_24, amethyst_killhole, tso_metal_star
D:2:      uniq_terence
D:4:      uniq_natasha
D:5:      kiku_gazebo_garden_becter, minmay_temple_entry_mist, first_ration
D:8:      blue_anna_alchemist, nicolae_dithmenos_through_a_glass_darkly,
          uniq_prince_ribbit1
D:9:      kennysheep_orc_monster_closet_entryway, serial_glass, glass_columns_b,
          glass_columns_a, serial_shops, nicolae_shop_stone, st_stairs_4
D:10:     serial_shops, kennysheep_mini
D:11:     minmay_lair_entry_lava, basic_altar, grunt_gozag_breadcrumbs
D:12:     lab_entry_generic, kennysheep_island_fort
D:13:     kennysheep_snake, portal_ice_cave_entry_pillars_2,
          nicolae_trove_entry_crystal, hangedman_decor_clover_reticule,
          uniq_frances
D:14:     grunt_vaults_entry_tiered, minivault_26
D:15:     grunt_enter_depths_snipers
Temple:   compressed_dpeg_circular_temple
Lair:1:   serial_bayou_shore_a
Lair:3:   beast_lair_carwin_2, serial_bayou_shore_b,
          infiniplex_staircase_pool_2, minmay_lair_oklob_chamber
Lair:4:   elwin_shoals_entry_rooms, dummy_spider_entry, uniq_rupert
Lair:5:   slime_altar_1, grunt_megastairs_4
Lair:6:   gammafunk_lair_ancient_temple, grunt_forest_large_clearing_hut,
          lemuel_fruit_fields
Orc:1:    nooodl_orcs_dogs
Orc:2:    st_orc_congregation
Lab:      labyrinth_watery, lab_statue, labyrinth_skeletal_remains
IceCv:    ice_cave_statue_garden_teleport

Skill      XL: |  1  2  3  4  5  6  7  8  9 10 11 12 13 14 15 |
---------------+----------------------------------------------+-----
Spellcasting   | 5 6 7 8 9 10 11 | 11.2
Invocations    | 1 2 3 4 5 6 7 8 9 10 11 | 11.5
Fighting       | 1 2 3 4 5 6 7 8 9 10 | 10.1
Short Blades   | 1 2 3 4 5 6 7 8 9 10 | 10.1
Long Blades    | 1 2 3 4 5 6 7 8 9 10 | 10.1
Axes           | 1 2 3 4 5 6 7 8 9 10 | 10.1
Maces & Flails | 1 2 3 4 5 6 7 8 9 10 | 10.1
Polearms       | 1 2 3 4 5 6 7 8 9 10 | 10.1
Staves         | 1 2 3 4 5 6 7 8 9 10 | 10.1
Slings         | 1 2 3 4 5 6 7 8 9 10 | 10.1
Bows           | 1 2 3 4 5 6 7 8 9 10 | 10.1
Crossbows      | 1 2 3 4 5 6 7 8 9 10 | 10.1
Throwing       | 1 2 3 4 5 6 7 8 9 10 | 10.1
Armour         | 1 2 3 4 5 6 7 8 9 10 | 10.1
Shields        | 1 2 3 4 5 6 7 8 9 10 | 10.1
Unarmed Combat | 1 2 3 4 5 6 7 8 9 10 | 10.1
Evocations     | 1 2 3 4 5 6 7 8 9 10 | 10.1
Conjurations   | 1 2 3 4 5 6 7 8 |  8.5
Hexes          | 1 2 3 4 5 6 7 8 |  8.5
Charms         | 1 2 3 4 5 6 7 8 9 |  9.2
Necromancy     | 1 2 3 4 5 6 7 8 |  8.5
Translocations | 1 2 3 4 5 6 7 8 |  8.5
Transmutations | 1 2 3 4 5 6 7 8 |  8.5
Fire Magic     | 1 2 3 4 5 6 7 8 |  8.5
Ice Magic      | 1 2 3 4 5 6 7 8 |  8.5
Air Magic      | 1 2 3 4 5 6 7 8 |  8.5
Earth Magic    | 1 2 3 4 5 6 7 8 |  8.5
Poison Magic   | 1 2 3 4 5 6 7 8 |  8.5
Dodging        | 5 6 7 8 9 10 11 | 11.1
Stealth        | 5 6 7 8 9 10 | 10.9
Summonings     | 8 9 10 11 | 11.0

Action                   |  1- 3 |  4- 6 |  7- 9 | 10-12 | 13-15 || total
-------------------------+-------+-------+-------+-------+-------++-------
Melee: Demon trident     |       |       |       |   321 |   165 ||   486
       Bite              |       |       |       |    24 |   116 ||   140
       Punch             |       |       |       |     2 |       ||     2
       Scythe            |       |       |       |       |    32 ||    32
       Lajatang          |       |       |       |       |   651 ||   651
 Fire: Hunting sling     |    61 |   143 |   405 |    79 |       ||   688
 Cast: Summon Small Mamm |     6 |       |       |       |       ||     6
       Call Imp          |     4 |     8 |    16 |     3 |       ||    31
       Call Canine Famil |     3 |     4 |    17 |     8 |    10 ||    42
       Summon Lightning  |       |       |     3 |    12 |     3 ||    18
       Summon Ice Beast  |       |       |     2 |    52 |    88 ||   142
       Passage of Golubr |       |       |       |       |     1 ||     1
Invok: Recall Ancestor   |       |       |     1 |     2 |     5 ||     8
       Ancestor Life: Ba |       |       |     1 |       |       ||     1
       Idealise          |       |       |       |       |     1 ||     1
Evoke: Wand              |       |       |       |     4 |       ||     4
       Lamp of fire      |       |       |       |     1 |       ||     1
  Use: Scroll            |     3 |       |     1 |     7 |    23 ||    34
       Potion            |       |       |     2 |     3 |    10 ||    15
 Stab: Distracted        |       |       |       |     9 |    20 ||    29
       Sleeping          |       |       |       |     8 |    10 ||    18
  Eat: Chunk             |     1 |     6 |    14 |    22 |    35 ||    78
       Ration            |       |       |       |     1 |       ||     1
Armor: Robe              |     8 |       |       |       |       ||     8
       Scale mail        |       |    24 |    79 |   124 |   320 ||   547
Dodge: Dodged            |    38 |    49 |   125 |   161 |   548 ||   921
Block: Buckler           |       |       |       |    35 |    34 ||    69

Table legend:
 A = Spawn XP
 B = Non-spawn XP
 C = Spawn XP percentage of total XP
 D = Spawn monster count
 E = Non-spawn monster count
 F = Spawn count percentage of total count
 G = Total turns spent on level
                    A         B        C        D         E        F      G
               +---------+---------+-------+---------+---------+-------+---------
         Total |       0 |  120671 |   0.0 |       0 |     784 |   0.0 | 23416
               +---------+---------+-------+---------+---------+-------+---------
           D:1 |       0 |      67 |   0.0 |       0 |      28 |   0.0 |   889
           D:2 |       0 |      49 |   0.0 |       0 |      17 |   0.0 |  1068
           D:3 |       0 |     165 |   0.0 |       0 |      25 |   0.0 |   849
           D:4 |       0 |     727 |   0.0 |       0 |      37 |   0.0 |  1374
           D:5 |       0 |     188 |   0.0 |       0 |      23 |   0.0 |   584
           D:6 |       0 |     836 |   0.0 |       0 |      31 |   0.0 |   822
           D:7 |       0 |     817 |   0.0 |       0 |      23 |   0.0 |  1175
           D:8 |       0 |    2612 |   0.0 |       0 |      34 |   0.0 |   996
           D:9 |       0 |    3321 |   0.0 |       0 |      58 |   0.0 |   883
          D:10 |       0 |    1533 |   0.0 |       0 |       6 |   0.0 |   827
          D:11 |       0 |    5434 |   0.0 |       0 |      30 |   0.0 |  1189
          D:12 |       0 |    7493 |   0.0 |       0 |      34 |   0.0 |   595
          D:13 |       0 |   14091 |   0.0 |       0 |      54 |   0.0 |  1162
          D:14 |       0 |   12602 |   0.0 |       0 |      42 |   0.0 |   878
          D:15 |       0 |    9018 |   0.0 |       0 |      33 |   0.0 |   578
        Lair:1 |       0 |     918 |   0.0 |       0 |       4 |   0.0 |   726
        Lair:2 |       0 |    1781 |   0.0 |       0 |      13 |   0.0 |   744
        Lair:3 |       0 |    6902 |   0.0 |       0 |      28 |   0.0 |  1232
        Lair:4 |       0 |    6737 |   0.0 |       0 |      18 |   0.0 |  1001
        Lair:5 |       0 |    5433 |   0.0 |       0 |      23 |   0.0 |   812
        Lair:6 |       0 |   18470 |   0.0 |       0 |      66 |   0.0 |  1451
         Orc:1 |       0 |    3697 |   0.0 |       0 |      29 |   0.0 |  1354
         Orc:2 |       0 |   14542 |   0.0 |       0 |     117 |   0.0 |  1860
           Lab |       0 |     607 |   0.0 |       0 |       1 |   0.0 |   204
         IceCv |       0 |    2631 |   0.0 |       0 |      10 |   0.0 |   124
               +---------+---------+-------+---------+---------+-------+---------
